 Dungeon Crawl Stone Soup version 0.30-a0-808-g6e0788376e (webtiles) character file.

Game seed: 11137674349876983085

189 mandoloar the Digger (level 5, -5/31 HPs)
             Began as a Gargoyle Earth Elementalist on Feb 25, 2023.
             Killed from afar by Ijyb (12 damage)
             ... with a puff of flame
             ... on level 3 of the Dungeon.
             The game lasted 00:08:52 (2868 turns).

mandoloar the Digger (Gargoyle Earth Elementalist)  Turns: 2868, Time: 00:08:53

Health: -5/31      AC:  9    Str: 11    XL:     5   Next: 68%
Magic:  2/9        EV: 11    Int: 18    God:
Gold:   51         SH:  0    Dex: 10    Spells: 2/10 levels left

rFire   . . .      SeeInvis .    a - +0 short sword
rCold   . . .      Faith    .    (no shield)
rNeg    + . .      Spirit   .    c - +0 robe
rPois   ∞          Reflect  .    k - +1 helmet
rElec   +          Harm     .    (no cloak)
rCorr   .          Rampage  .    o - +0 pair of gloves
Will    +....                    (no boots)
Stlth   +                        (no amulet)
HPRegen 0.25/turn                e - ring of willpower
MPRegen 0.11/turn                (no ring)

@: silenced
A: sickness immunity, AC +4, negative energy resistance 1, electricity
resistance, torment resistance 1, petrification resistance
a: no special abilities


You were on level 3 of the Dungeon.
You visited 1 branch of the dungeon, and saw 3 of its levels.

You collected 51 gold pieces.

Inventory:

Hand Weapons
 a - a +0 short sword (weapon)
 b - a +2 dagger of holy wrath
Armour
 c - a +0 robe (worn)
 k - a +1 helmet (worn)
 o - a +0 pair of gloves (worn)
Jewellery
 e - a ring of willpower (left hand)
Wands
 j - a wand of roots (3)
Scrolls
 l - a scroll of silence
Potions
 f - 3 potions of curing {unknown}
 g - 2 potions of magic
 h - 2 potions of attraction
 i - 2 potions of lignification {unknown}
 m - a potion of degeneration {unknown}
 n - a potion of might {unknown}


   Skills:
 + Level 2.3 Fighting
 + Level 2.5 Armour
 - Level 1.5 Dodging
 - Level 2.1 Stealth
 + Level 3.0 Spellcasting
 + Level 1.8 Conjurations
 - Level 0.7 Transmutations
 + Level 4.6 Earth Magic


You had 2 spell levels left.
You knew the following spells:

 Your Spells              Type           Power      Damage    Failure   Level
a - Sandblast             Erth           38%        2d10      2%          1
b - Stone Arrow           Conj/Erth      28%        3d8       13%         3
c - Fulminant Prism       Conj/Hex       3%         3d5       73%         4

Your spell library contained the following spells:

 Spells                   Type           Power      Damage    Failure   Level
 Magic Dart               Conj           36%        1d4       8%          1
 Passwall                 Tmut/Erth      10%        N/A       9%          2
 Searing Ray              Conj           18%        2d5       12%         2
 Petrify                  Tmut/Erth      12%        N/A       47%         4


Dungeon Overview and Level Annotations

Branches:
Dungeon (3/15)

Altars:

Shops:
D:3 [

Annotations:
D:3 Ijyb


Innate Abilities, Weirdness & Mutations

You are immune to sickness and miasma.
Your stone body is resilient. (AC +4)
You are immune to poison.
You resist negative energy. (rN+)
You are resistant to electric shocks. (rElec)
You are resistant to unholy torment.
You are immune to petrification.


Message History

Casting: Sandblast (safe; 2% risk of failure)
Confirm with . or Enter, or press ? or * to list all spells.
Aiming: Sandblast (safe; 2% risk of failure)
Press: ? - help, Shift-Dir - straight line, f/p - Ijyb
Aim: Ijyb, wielding a +0 dagger, wearing a +0 scale mail and carrying a wand of flame (22) (80% to hit)
The blast of sand hits Ijyb.
Ijyb is lightly wounded.
Ijyb zaps a wand.
The puff of flame misses you. Ijyb hits you with a +0 dagger.
* * * LOW HITPOINT WARNING * * *
Casting: Sandblast (safe; 2% risk of failure)
Confirm with . or Enter, or press ? or * to list all spells.
Aiming: Sandblast (safe; 2% risk of failure)
Press: ? - help, Shift-Dir - straight line, f/p - Ijyb
Aim: Ijyb, wielding a +0 dagger, wearing a +0 scale mail and carrying a wand of flame (21) (lightly wounded, 80% to hit)
The blast of sand misses Ijyb.
Ijyb hits you but does no damage.
Casting: Sandblast (safe; 2% risk of failure)
Confirm with . or Enter, or press ? or * to list all spells.
Aiming: Sandblast (safe; 2% risk of failure)
Press: ? - help, Shift-Dir - straight line, f/p - Ijyb
Aim: Ijyb, wielding a +0 dagger, wearing a +0 scale mail and carrying a wand of flame (21) (lightly wounded, 80% to hit)
The blast of sand hits Ijyb but does no damage.
Ijyb is lightly wounded.
Ijyb misses you. Ijyb hits you with a +0 dagger.
* * * LOW HITPOINT WARNING * * *
As you read the scroll labelled USUAR WINTOUNA, it crumbles to dust.
It is a scroll of enchant armour.
Your +0 helmet glows green for a moment.
Ijyb hits you with a +0 dagger.
* * * LOW HITPOINT WARNING * * *
As you read the scroll labelled COTOR YMEGU TOMN, it crumbles to dust.
A profound silence engulfs you.
It was a scroll of silence.
Ijyb hits you but does no damage.
An endoplasm comes into view.
Ijyb zaps a wand.
The puff of flame hits you but does no damage.
A hobgoblin comes into view.
A quokka comes into view.
There is a stone staircase leading up here.
Ijyb zaps a wand.
The puff of flame hits you!
You die...

## #. . #
#.#######.
...#.#.@.......
...g....########
..r.#..g........
... #.##..##..#
. #. #..# ..
#.... .. .∩...#
... ..##... ...
#.J# ####


You could see Ijyb, a quokka and a hobgoblin.

Vanquished Creatures
  Jessica (D:2)
  Natasha (thrice) (D:2)
  Robin (D:1)
  An adder (D:2)
  2 dart slugs (D:2)
  4 ball pythons (D:1)
  3 endoplasms
  A giant cockroach (D:1)
  13 hobgoblins
  A quokka (D:1)
  7 bats
  4 frilled lizards
  13 goblins
  4 kobolds
  3 rats (D:2)
61 creatures vanquished.

Vanquished Creatures (others)
  5 plants (D:1)
5 creatures vanquished.

Grand Total: 66 creatures vanquished

Notes
Turn   | Place    | Note
-------+----------+-------------------------------------------
     0 | D:1      | mandoloar the Gargoyle Earth Elementalist began the quest
                  | for the Orb.
     0 | D:1      | Reached XP level 1. HP: 10/10 MP: 3/3
   314 | D:1      | Reached XP level 2. HP: 16/16 MP: 1/5
   516 | D:1      | Reached skill level 1 in Fighting
   659 | D:1      | Reached skill level 1 in Armour
   744 | D:1      | Reached skill level 4 in Earth Magic
   777 | D:1      | Reached XP level 3. HP: 20/20 MP: 4/6
   781 | D:1      | Learned a level 3 spell: Stone Arrow
  1273 | D:2      | Noticed Robin
  1355 | D:1      | Killed Robin
  1358 | D:1      | Reached XP level 4. HP: 14/25 MP: 0/7
  1521 | D:2      | Reached skill level 1 in Conjurations
  2051 | D:2      | Noticed Natasha
  2059 | D:2      | Killed Natasha
  2092 | D:2      | Noticed Natasha
  2101 | D:2      | Killed Natasha
  2102 | D:2      | Reached XP level 5. HP: 21/30 MP: 0/9
  2411 | D:2      | Noticed Natasha
  2415 | D:2      | Killed Natasha
  2459 | D:2      | Noticed Jessica
  2460 | D:2      | Killed Jessica
  2637 | D:2      | Learned a level 4 spell: Fulminant Prism
  2849 | D:3      | Found Gupsitu's Antique Armour Emporium.
  2853 | D:3      | Noticed Ijyb
  2868 | D:3      | Killed from afar by Ijyb

Illustrated notes

Levels and vault maps discovered:
D:1:      dpeg_arrival_connections, layout_rooms, serial_forest,
          infiniplex_forest_clump_small, infiniplex_forest_clump_cross,
          infiniplex_forest_end_2, infiniplex_forest_lined_room_3,
          infiniplex_forest_clump_double, infiniplex_forest_straight_4
D:2:      layout_loops_ring, palyth_stone_intersect, uniq_robin, uniq_natasha,
          uniq_jessica
D:3:      layout_basic, serial_shops, nicolae_square_shop,
          nicolae_shop_window_shopping, nicolae_shop_behind_doors,
          minmay_misc_feat_plants, minmay_shallow_snake_nest, uniq_ijyb,
          uniq_grinder

Skill      XL: |  1  2  3  4  5 |
---------------+----------------+-----
Fighting       | 1 2 |  2.3
Armour         | 1 2 |  2.5
Earth Magic    | 4 |  4.6
Conjurations   | 1 |  1.8
Spellcasting   | 3 |  3.0
Dodging        | |  1.5
Stealth        | |  2.1
Transmutations | |  0.7

Action                     |  1- 3 |  4- 6 || total
---------------------------+-------+-------++-------
  Melee: Dagger            |    28 |     1 ||    29
         Punch             |     1 |       ||     1
   Cast: Sandblast         |    50 |    47 ||    97
    Use: Scroll            |       |     5 ||     5
 Armour: Robe              |    18 |     9 ||    27
  Dodge: Dodged            |    35 |    13 ||    48

Table legend: (Time is in decaauts)
 A = Elapsed time spent in this place.
 B = Non-inter-level travel time spent in this place.
 C = Inter-level travel time spent in this place.
 D = Time resting spent in this place.
 E = Time spent auto-exploring this place.
 F = Levels seen in this place.
 G = Mean time per level.
                   A        B        C        D        E       F      G
               +--------+--------+--------+--------+--------+-----+--------+
         Total |   2918 |   2773 |    145 |   1020 |   1186 |   3 |  972.7 |
       Dungeon |   2918 |   2773 |    145 |   1020 |   1186 |   3 |  972.7 |
               +--------+--------+--------+--------+--------+-----+--------+

Top non-repeatable levels by time:
     D:2: 1499 daAuts
     D:1: 1394 daAuts
     D:3: 25 daAuts
